 Dungeon Crawl Stone Soup version 0.20.1-1-g8b1a95d (webtiles) character file.

690 empire the Chopper (level 7, 0/61 HPs)
             Began as a Minotaur Fighter on Oct 27, 2017.
             Killed from afar by an orc wizard (4 damage)
             ... with a puff of frost
             ... on level 5 of the Dungeon.
             The game lasted 00:08:03 (4072 turns).

empire the Chopper (Minotaur Fighter)               Turns: 4072, Time: 00:08:04

Health: 0/61       AC: 13    Str: 21    XL:     7   Next: 36%
Magic:  6/6        EV:  7    Int:  5    God:
Gold:   14         SH: 10    Dex: 11    Spells: 6/6 levels left

rFire    . . .     SeeInvis .   a - +2 war axe
rCold    . . .     Gourm    +   c - +0 shield
rNeg     . . .     Faith    .   v - +0 chain mail
rPois    .         Spirit   .   (helmet restricted)
rElec    .         Reflect  .   (no cloak)
rCorr    .         Harm     .   t - +2 pair of gloves
MR       .....                  (no boots)
Stlth    ..........             y - amulet of the gourmand
Regen    0.2/turn               (no ring)
MPRegen  0.1/turn               (no ring)

@: very slightly contaminated, invisible
A: retaliatory headbutt, horns 2
a: no special abilities


You were on level 5 of the Dungeon.
You were not hungry.

You visited 1 branch of the dungeon, and saw 5 of its levels.

You collected 119 gold pieces.
You spent 105 gold pieces at shops.

Inventory:

Hand Weapons
 a - a +2 war axe (weapon)
 u - a +0 scythe
Armour
 c - a +0 shield (worn)
 t - a +2 pair of gloves (worn)
 v - a +0 chain mail (worn)
 w - a +0 plate armour
Jewellery
 y - an amulet of the gourmand (around neck)
Scrolls
 e - a scroll of amnesia {unknown}
 g - 3 scrolls of fear
 o - 4 scrolls of remove curse
 s - 3 scrolls of teleportation
 z - a scroll of vulnerability
Potions
 b - a potion of degeneration
 d - 2 potions of berserk rage {unknown}
 k - 2 potions of lignification
 q - a potion of brilliance
 A - a potion of haste
Comestibles
 f - 4 bread rations
 h - a meat ration
 l - 3 royal jellies


   Skills:
 + Level 5.1 Fighting
 * Level 6.1 Axes
 + Level 5.4 Armour
 + Level 3.5 Dodging
 + Level 5.2 Shields


You had 6 spell levels left.
You didn't know any spells.

Dungeon Overview and Level Annotations

Branches:
Dungeon (5/15)
 Temple: D:4-7

Altars:
Gozag
Ru

Shops:
D:4 }[?(

Annotations:
D:5 Frank's ghost, novice OpFi


Innate Abilities, Weirdness & Mutations

You reflexively headbutt those who attack you in melee.
You have a pair of horns on your head.


Message History

The orc priest invokes the aid of Beogh against you.
Beogh smites you!
* * * LOW HITPOINT WARNING * * *
You fade into invisibility!
The orc wizard hits you but does no damage.
The orc throws a stone.
The stone completely misses the orc.
The stone hits the orc wizard but does no damage.
You are very lightly contaminated with residual magic.
The orc wizard casts a spell at something.
The puff of frost hits you!
Okay, then.
The orc wizard casts a spell.
The orc wizard flickers and vanishes!
Deactivating autopickup; reactivate with Ctrl-A.
There is a stone staircase leading up here.
There is a stone staircase leading up here.
You hear some strange, mumbled words.
A puff of frost appears from out of thin air!
The puff of frost hits you!
You die...

#.# #Z# #O#
#s# #o# #5#
#.# #.# #@#
###.######
##...##...##
##..........##
#............#
#............#
#............#
##.....)....##
##..รท<....##


You could see an ogre, an orc priest, a shadow imp, a worker ant zombie and a
giant cockroach.

Vanquished Creatures
  3 ogres (D:4)
  The ghost of n0claF the Caller, a weakling DESu of the Shining One (D:3)
  2 orc priests (D:5)
  2 hounds (D:4)
  3 orc wizards
  A worker ant (D:4)
  A hound skeleton (D:4)
  4 gnolls (D:4)
  5 adders
  2 dart slugs
  A leopard gecko (D:2)
  7 orcs
  12 bats
  3 giant cockroaches
  10 goblins
  5 hobgoblins
  6 kobolds
  3 quokkas
  2 ball pythons
  4 frilled lizards
  6 rats
  A plant (D:3)
84 creatures vanquished.

Notes
Turn   | Place    | Note
-------+----------+-------------------------------------------
     0 | D:1      | empire the Minotaur Fighter began the quest for the Orb.
     0 | D:1      | Reached XP level 1. HP: 19/19 MP: 0/0
   336 | D:1      | Reached XP level 2. HP: 24/27 MP: 1/1
   815 | D:2      | Found a sacrificial altar of Ru.
   905 | D:2      | Reached skill level 3 in Axes
  1139 | D:2      | Reached XP level 3. HP: 33/33 MP: 2/2
  1142 | D:2      | Reached skill level 1 in Dodging
  1665 | D:3      | Found an opulent altar of Gozag.
  1706 | D:3      | Noticed n0claF's ghost (weakling DESu)
  1713 | D:3      | Killed n0claF's ghost
  1713 | D:3      | Reached XP level 4. HP: 40/40 MP: 3/3
  1984 | D:3      | Reached skill level 4 in Axes
  2625 | D:4      | Found Tazu's Gadget Emporium.
  2717 | D:4      | Noticed an ogre
  2724 | D:4      | Killed an ogre
  2724 | D:4      | Reached XP level 5. HP: 46/46 MP: 4/4
  2729 | D:4      | Found Popehex's Armour Shop.
  2800 | D:4      | Reached XP level 6. HP: 47/53 MP: 5/5
  2874 | D:4      | Reached skill level 5 in Axes
  3166 | D:4      | Reached skill level 5 in Armour
  3166 | D:4      | Reached skill level 5 in Shields
  3445 | D:4      | Found Rarilet's Weapon Shoppe.
  3711 | D:4      | Found Vaonuut's Magic Scroll Shop.
  3716 | D:4      | Bought a scroll of vulnerability for 75 gold pieces
  3716 | D:4      | Bought a scroll of teleportation for 30 gold pieces
  3789 | D:4      | Reached XP level 7. HP: 58/60 MP: 6/6
  3803 | D:4      | Reached skill level 5 in Fighting
  3902 | D:5      | Entered Level 5 of the Dungeon
  3926 | D:5      | Reached skill level 6 in Axes
  4052 | D:5      | Noticed Frank's ghost (novice OpFi)
  4060 | D:5      | HP: 2/61 [orc priest/divine providence (12)]
  4072 | D:5      | Killed from afar by an orc wizard

Skill      XL: |  1  2  3  4  5  6  7 |
---------------+----------------------+-----
Axes           | 3 4 5 6 |  6.1
Dodging        | 1 2 3 |  3.5
Armour         | 4 5 |  5.4
Fighting       | 4 5 |  5.1
Shields        | 4 5 |  5.2

Action                   |  1- 3 |  4- 6 |  7- 9 || total
-------------------------+-------+-------+-------++-------
Melee: War axe           |    82 |    95 |    35 ||   212
       Headbutt          |    14 |    20 |     3 ||    37
  Use: Potion            |     1 |     1 |     1 ||     3
       Scroll            |       |    16 |       ||    16
  Eat: Chunk             |     3 |     5 |     5 ||    13
Armor: Scale mail        |    49 |    32 |       ||    81
       Chain mail        |       |     3 |    27 ||    30
       Skin              |       |     1 |       ||     1
Dodge: Dodged            |    39 |    27 |     5 ||    71
Block: Shield            |    50 |    50 |    11 ||   111
